 Dungeon Crawl Stone Soup version 0.31.0-12-g77e489cdc1 (webtiles) character file.

Game seed: 14374347650641407178

65 Silvore the Trooper (level 3, 0/29 HPs)
             Began as a Demonspawn Fighter on Feb 12, 2024.
             Slain by a gnoll
             ... wielding a +0 halberd
              (8 damage)
             ... on level 2 of the Dungeon.
             The game lasted 00:01:15 (1070 turns).

Silvore the Trooper (Demonspawn Fighter)            Turns: 1070, Time: 00:01:16

Health: 0/29       AC:  6    Str: 18    XL:     3   Next: 92%
Magic:  3/3        EV:  9    Int:  8    God:
Gold:   92         SH:  5    Dex: 12    Spells: 2/2 levels left

rFire   . . .        a - +0 long sword
rCold   . . .        c - +1 buckler
rNeg    . . .        b - +0 scale mail
rPois   .            (helmet restricted)
rElec   .            (no cloak)
rCorr   .            (no gloves)
SInv    .            (no boots)
Will    .....        (no amulet) Stlth
                     (no ring)
HPRegen 0.24/turn    (no ring)
MPRegen 0.08/turn

%: no passive effects
@: no status effects
A: horns 1
a: no special abilities


You were on level 2 of the Dungeon.
You visited 1 branch of the dungeon, and saw 2 of its levels.

You collected 92 gold pieces.

Inventory:

Hand Weapons
 a - a +0 long sword (weapon)
Armour
 b - a +0 scale mail (worn)
 c - a +1 buckler (worn)
Scrolls
 g - a scroll of identify
Potions
 d - a potion of might
 e - a potion of haste {unknown}
 f - 2 potions of curing


   Skills:
 + Level 3.5 Fighting
 + Level 2.4 Long Blades
 + Level 3.2 Armour
 + Level 0.4 Dodging
 + Level 3.0 Shields


You had 2 spell levels left.
You didn't know any spells.
Your spell library contained the following spells:

 Spells                   Type           Power      Damage    Failure   Level
 Cigotuvi's Dreadful Rot  Necr/Alch/Air  0%         N/A       95%         2
 Ignite Poison            Fire/Alch      0%         N/A       100%        4
 Freezing Cloud           Conj/Ice/Air   0%         6-21      100%        5


Dungeon Overview and Level Annotations

Branches:
Dungeon (2/15)

Altars:

Annotations:
D:1 1 transporter


Innate Abilities, Weirdness & Mutations

You have a pair of small horns on your head.


Message History

You kill the endoplasm!
The goblin misses you.
Your Shields skill increases to level 3!
Unknown command.
You slash the goblin!
You kill the goblin!
You start resting.
HP restored.
You now have 92 gold pieces (gained 8).
A gnoll comes into view. It is wielding a +0 whip.
The gnoll shouts!
A gnoll is nearby!
A gnoll is nearby!
A gnoll comes into view. It is wielding a +0 whip.
A gnoll comes into view. It is wielding a +0 halberd.
A rat comes into view.
The rat squeaks loudly.
The gnoll shouts!
You hit the gnoll.
The gnoll is lightly wounded.
The gnoll hits you with a +0 whip.
You closely miss the gnoll.
The gnoll is lightly wounded.
You block the gnoll's attack. The gnoll hits you with a +0 whip.
You block the gnoll's attack.
You slash the gnoll!
The gnoll is severely wounded.
The gnoll hits you but does no damage. The gnoll barely misses you.
The gnoll closely misses you. The rat bites you. You block the gnoll's attack.
The gnoll barely misses you.
You slash the gnoll!
You kill the gnoll!
The rat closely misses you. The gnoll barely misses you.
The gnoll hits you with a +0 whip. The gnoll hits you with a +0 halberd!
* * * LOW HITPOINT WARNING * * *
You hit the gnoll.
The gnoll is moderately wounded.
The rat closely misses you. You block the gnoll's attack.
The gnoll hits you with a +0 halberd!
You die...

.... .... ....# ....
....# ...# #. ....#
#..#### .# .. ...#
#.....##.# #. #..#
##........ #.# ..#
..).....#####.###g#
....###........g@.#
.....##........r###
...#.............#
#..###...........#####
#....................#
.....##.........###r..
.....###...#...## ..
†.....########## .
###...#


You could see 2 gnolls and a rat.

Vanquished Creatures
  A gnoll (D:2)
  2 adders (D:2)
  3 ball pythons
  3 endoplasms
  2 giant cockroaches
  4 goblins
  A hobgoblin (D:1)
  3 jackals (D:1)
  3 quokkas
  2 frilled lizards (D:1)
  6 kobolds
  2 rats (D:1)
32 creatures vanquished.

Notes
Turn   | Place    | Note
-------+----------+-------------------------------------------
     0 | D:1      | Silvore the Demonspawn Fighter began the quest for the Orb.
     0 | D:1      | Reached XP level 1. HP: 18/18 MP: 1/1
    57 | D:1      | Gained mutation: You have a pair of small horns on your
                  | head. [demonic ancestry]
    57 | D:1      | Reached XP level 2. HP: 17/24 MP: 2/2
   817 | D:2      | Reached XP level 3. HP: 28/29 MP: 3/3
  1070 | D:2      | Slain by a gnoll

Illustrated notes

Levels and vault maps discovered:
D:1:      spicycebolla_arrival_risky_transporter, layout_loops_cross
D:2:      layout_rooms

Skill      XL: |  1  2  3 |
---------------+----------+-----
Long Blades    | 2 |  2.4
Armour         | 3 |  3.2
Shields        | 3 |  3.0
Fighting       | |  3.5
Dodging        | |  0.4

Action                     || total
---------------------------++-------
  Melee: Long sword        ||    94
         Headbutt          ||    10
    Use: Scroll            ||     3
 Armour: Scale mail        ||    86
  Dodge: Dodged            ||    59
  Block: Buckler           ||    30
